 Dungeon Crawl Stone Soup version 0.22.1-1-ga44c0e5 (webtiles) character file.

49 JeffiDaFish the Digger (level 3, -1/19 HPs)
             Began as a Gargoyle Earth Elementalist on Sept 28, 2018.
             Slain by a worm (6 damage)
             ... on level 2 of the Dungeon.
             The game lasted 00:07:11 (1334 turns).

JeffiDaFish the Digger (GrEE)                       Turns: 1334, Time: 00:07:12

Health: -1/19      AC:  5    Str: 12    XL:     3   Next: 75%
Magic:  0/6        EV: 12    Int: 15    God:
Gold:   23         SH:  0    Dex: 10    Spells: 2/6 levels left

rFire    . . .     SeeInvis .   e - +0 whip
rCold    . . .     Gourm    .   (no shield)
rNeg     + . .     Faith    .   c - +0 robe
rPois    ∞         Spirit   .   (no helmet)
rElec    +         Reflect  .   (no cloak)
rCorr    .         Harm     .   (no gloves)
MR       .....                  (no boots)
Stlth    ++........             (no amulet)
HPRegen  0.06/turn              (no ring)
MPRegen  0.10/turn              (no ring)

@: no status effects
A: negative energy resistance 1, electricity resistance, unbreathing,
petrification resistance, rot immunity, AC +3
a: no special abilities


You were on level 2 of the Dungeon.
You were not hungry.

You visited 1 branch of the dungeon, and saw 2 of its levels.

You collected 23 gold pieces.

Inventory:

Hand Weapons
 e - a +0 whip (weapon)
Missiles
 b - 15 stones (quivered)
Armour
 c - a +0 robe (worn)
Potions
 f - a potion of ambrosia
Comestibles
 a - 2 chunks of flesh
 d - 5 rations


   Skills:
 - Level 1.7 Dodging
 - Level 2.2 Stealth
 + Level 2.4 Spellcasting
   Level 0.7 Transmutations
 * Level 5.0 Earth Magic


You had 2 spell levels left.
You knew the following spells:

 Your Spells              Type           Power        Failure   Level  Hunger
a - Sandblast             Erth           ###...       2%          1    #......
b - Stone Arrow           Conj/Erth      #.....       22%         3    ###....

Your spell library contained the following spells:

 Spells                   Type           Power        Failure   Level  Hunger
 Passwall                 Tmut/Erth      ##......     10%         2    ###....
 Petrify                  Tmut/Erth      ##......     54%         4    #####..
 Lee's Rapid Deconstruct  Erth           ###.......   58%         5    ######.


Dungeon Overview and Level Annotations

Branches:
Dungeon (2/15)

Altars:
Nemelex Xobeh


Innate Abilities, Weirdness & Mutations

You are resistant to torment.
Your stone body is resilient. (AC +3)
You are immune to poison.
You resist negative energy. (rN+)
You are resistant to electric shocks. (rElec)
You can survive without breathing.
You are immune to petrification.
You are immune to rotting.


Message History

Aim: a worm (moderately wounded)
The blast of sand hits the worm.
The worm is severely wounded.
b - 16 stones Your magical contamination has completely faded away.
A rat comes into view.
Casting: Sandblast (safe; 2% risk of failure)
Confirm with . or Enter, or press ? or * to list all spells.
Aiming: Sandblast (safe; 2% risk of failure)
Press: ? - help, Shift-Dir - straight line, f/p - worm
Aim: a worm (moderately wounded)
The blast of sand hits the worm.
The worm is almost dead.
b - 15 stones
Casting: Sandblast (safe; 2% risk of failure)
Confirm with . or Enter, or press ? or * to list all spells.
You don't have enough magic to cast that spell.
Unknown command.
The worm bites you.
You die...

.......................
#######..................#.
#.....##...........r.
####.....##...##........
.........................
#.###.###.#....##.#<.....
.......#..............
.##..##.#....##........
.............w@.......... .
.......................
##..#..#.#..###...#..#
#.....#.#............
##.##)###..###..##..#
#.##.###........ .#
#................ #
#.............####
#######.#####.


You could see a worm.

Vanquished Creatures
  2 oozes
  2 giant cockroaches
  8 goblins
  4 hobgoblins (D:1)
  2 jackals (D:1)
  3 kobolds (D:1)
  A ball python (D:1)
  5 bats (D:1)
  12 rats
39 creatures vanquished.

Notes
Turn   | Place    | Note
-------+----------+-------------------------------------------
     0 | D:1      | JeffiDaFish the Gargoyle Earth Elementalist began the quest
                  | for the Orb.
     0 | D:1      | Reached XP level 1. HP: 10/10 MP: 3/3
    35 | D:1      | Reached skill level 4 in Earth Magic
    37 | D:1      | Reached XP level 2. HP: 9/15 MP: 0/5
   394 | D:1      | Reached XP level 3. HP: 11/19 MP: 1/6
   963 | D:1      | Found a sparkling altar of Nemelex Xobeh.
  1132 | D:1      | Learned a level 3 spell: Stone Arrow
  1226 | D:2      | Reached skill level 5 in Earth Magic
  1334 | D:2      | Slain by a worm

Skill      XL: |  1  2  3 |
---------------+----------+-----
Earth Magic    | 4 5 |  5.0
Dodging        | |  1.7
Stealth        | |  2.2
Spellcasting   | |  2.4
Transmutations | |  0.7

Action                   || total
-------------------------++-------
Melee: Unarmed           ||    21
       Whip              ||    79
 Cast: Sandblast         ||    35
       Stone Arrow       ||     1
  Use: Scroll            ||     4
       Potion            ||     1
 Stab: Sleeping          ||     1
  Eat: Chunk             ||     2
Armor: Robe              ||    38
Dodge: Dodged            ||    93
